 Dungeon Crawl Stone Soup version 0.24.0-37-gcf1ca852f1 (webtiles) character file.

Game seed: 5537964974894877822, levelgen mode: deterministic

147 Delamore the Chopper (level 5, 0/45 HPs)
             Began as a Hill Orc Fighter on Nov 27, 2019.
             Was an Initiate of Okawaru.
             Killed by divine providence
             ... invoked by an orc priest
              (13 damage)
             ... in the Ecumenical Temple.
             The game lasted 00:02:37 (2742 turns).

Delamore the Chopper (Hill Orc Fighter)             Turns: 2742, Time: 00:02:38

Health: 0/45       AC:  6    Str: 20    XL:     5   Next: 29%
Magic:  5/5        EV:  7    Int:  8    God:    Okawaru [......]
Gold:   154        SH:  9    Dex: 10    Spells: 4/4 levels left

rFire    . . .     SeeInvis .   k - +0 hand axe (venom)
rCold    . . .     Gourm    .   c - +0 shield
rNeg     . . .     Faith    .   b - +0 scale mail
rPois    .         Spirit   .   (no helmet)
rElec    .         Reflect  .   (no cloak)
rCorr    .         Harm     .   (no gloves)
MR       .....                  (no boots)
Stlth    ..........             (no amulet)
HPRegen  0.15/turn              (no ring)
MPRegen  0.09/turn              (no ring)

@: no status effects
A: no striking features
a: Renounce Religion, Convert to Beogh


You were in the Ecumenical Temple.
You worshipped Okawaru.
Okawaru was noncommittal.
You were near starving.

You visited 2 branches of the dungeon, and saw 5 of its levels.

You collected 154 gold pieces.

Inventory:

Hand Weapons
 a - a +0 war axe
 k - a +0 hand axe of venom (weapon)
Missiles
 g - 32 poisoned darts (quivered)
Armour
 b - a +0 scale mail (worn)
 c - a +0 shield (worn)
Wands
 r - a wand of random effects (27)
Scrolls
 h - a scroll of amnesia {unknown}
 i - 4 scrolls of fear {unknown}
 j - a scroll of identify {unknown}
 l - 2 scrolls of teleportation {unknown}
 m - a scroll of immolation {unknown}
 n - a scroll of enchant weapon {unknown}
 p - a scroll of random uselessness {unknown}
 q - a scroll of magic mapping {unknown}
Potions
 d - 2 potions of might
 e - 2 potions of degeneration {unknown}
 o - a potion of brilliance {unknown}
 s - a potion of curing {unknown}
Comestibles
 f - 5 rations


   Skills:
 - Level 3.6 Fighting
 + Level 7.1 Axes
 - Level 3.2 Armour
 - Level 3.2 Shields


You had 4 spell levels left.
You didn't know any spells.
Your spell library was empty.

Dungeon Overview and Level Annotations

Branches:
Dungeon (4/15)             Temple (1/1) D:4

Altars:
Ashenzari
Cheibriados
Dithmenos
Elyvilon
Fedhas
Gozag
Hepliaklqana
Kikubaaqudgha
Makhleb
Nemelex Xobeh
Okawaru
Qazlal
Ru
Trog
Uskayaw
Vehumet
Wu Jian
Xom
Zin
The Shining One


Message History

Beogh smites you! The hound skeleton barely misses you.
The hound skeleton bites you but does no damage.
The orc priest hits you with a +0 hand axe.
You block the orc's attack. The orc hits you but does no damage.
You climb downwards.
Welcome back to the Ecumenical Temple!
There is a staircase back to the Dungeon here.
You hit the orc priest.
The orc priest is heavily wounded.
You hit the orc but do no damage.
The orc is poisoned.
You barely miss the orc.
The orc priest mumbles some strange prayers to Beogh against you.
Beogh smites you!
* * * LOW HITPOINT WARNING * * *
You block the orc's attack. x2
You closely miss the orc priest.
The orc priest is heavily wounded.
You hit the orc but do no damage.
The orc looks as sick as possible!
Your scale mail prevents you from hitting the orc.
The orc priest mumbles some strange prayers to Beogh against you.
Beogh smites you!
You die...

##.##.._..##.##....._..##.##.._..
.#...#...#..#.....#...#.#...#...#
......#.#......#...#.#.......#.#.
.#.#.......#.#...#......#.#......
#...#.#...#...#.....#..#...#.#...
.._..##.##.._.....##.##.._..##.##
#...#...#.#...#.....#..#...#...#.
.#.#.......#.#..........#.#......
................@o...............
......#.#.......oo.#.#.......#.#.
...#.#...#..#.....#...#...#.#...#
##.##.._..##.##....._..##.##.._..
.#...#...#..#.....#...#.#...#...#
......#.#......#...#.#.......#.#.
.#.#.......#.#...#......#.#......
#...#...#.#...#.....#..#...#...#.
.._..##.##.._.....##.##.._..##.##


You could see an orc priest and 2 orcs.

Vanquished Creatures
  A hound skeleton (D:3)
  3 gnolls (D:3)
  3 adders
  A worm (D:4)
  A dart slug (D:1)
  A leopard gecko (D:1)
  2 orcs
  3 giant cockroaches (D:3)
  13 goblins
  5 hobgoblins
  4 jackals (D:1)
  7 kobolds
  A quokka (D:2)
  2 ball pythons (D:2)
  11 bats
  4 frilled lizards
  9 rats
71 creatures vanquished.

Notes
Turn   | Place    | Note
-------+----------+-------------------------------------------
     0 | D:1      | Delamore the Hill Orc Fighter began the quest for the Orb.
     0 | D:1      | Reached XP level 1. HP: 19/19 MP: 1/1
    32 | D:1      | Reached skill level 3 in Axes
    92 | D:1      | Reached XP level 2. HP: 24/26 MP: 2/2
   215 | D:1      | Reached skill level 4 in Axes
   679 | D:1      | Reached XP level 3. HP: 29/31 MP: 3/3
  1067 | D:2      | Reached skill level 5 in Axes
  1298 | D:2      | Reached XP level 4. HP: 39/39 MP: 4/4
  1384 | D:2      | Found a faded altar of an unknown god.
  1801 | D:3      | Reached skill level 6 in Axes
  2003 | D:3      | Reached XP level 5. HP: 45/45 MP: 5/5
  2257 | D:3      | Reached skill level 7 in Axes
  2568 | D:4      | Found a staircase to the Ecumenical Temple.
  2583 | Temple   | Entered the Ecumenical Temple
  2724 | Temple   | Became a worshipper of Warmaster Okawaru
  2742 | Temple   | Killed from afar by an orc priest

Levels and vault maps discovered:
D:1:      erik_arrival_triangle_medium, layout_loops_cross,
          chequers_serial_rivers_small_b, minmay_hexomino_c4
D:2:      minmay_evil_eye, layout_loops_ring, chequers_ecumenical_altar_lobes
D:3:      layout_basic
D:4:      minmay_octagon_keep, layout_basic, minmay_temple_entry_slanted,
          minmay_pentomino_pile
Temple:   regret_index_temple_chain_breaker

Skill      XL: |  1  2  3  4  5 |
---------------+----------------+-----
Axes           | 3 4 5 6 7 |  7.1
Fighting       | |  3.6
Armour         | |  3.2
Shields        | |  3.2

Action                   |  1- 3 |  4- 6 || total
-------------------------+-------+-------++-------
Melee: War axe           |    81 |       ||    81
       Hand axe          |    29 |    89 ||   118
  Eat: Chunk             |     1 |     3 ||     4
Armor: Scale mail        |    62 |    26 ||    88
Dodge: Dodged            |    42 |    18 ||    60
Block: Shield            |    60 |    47 ||   107
